 Dungeon Crawl Stone Soup version 0.27.1-33-g824d729ab1 (webtiles) character file.

Game seed: 3980018658495943653

94 Descartes the Ducker (level 4, -2/21 HPs)
             Began as a Felid Wanderer on Nov 28, 2021.
             Killed by nerve-wracking pain
             ... invoked by Grinder
              (14 damage)
             ... on level 3 of the Dungeon.
             The game lasted 00:11:12 (5809 turns).

Descartes the Ducker (Felid Wanderer)               Turns: 5809, Time: 00:11:13

Health: -2/21      AC:  1    Str: 10    XL:     4   Next: 38%
Magic:  8/8        EV: 18    Int: 10    God:
Gold:   106        SH:  0    Dex: 17    Spells: 4/7 levels left
                                        Lives:  0   Deaths: 1

rFire    . . .     SeeInvis +     - Unarmed
rCold    . . .     Faith    .   (shield unavailable)
rNeg     . . .     Spirit   .   (armour unavailable)
rPois    .         Reflect  .   (helmet unavailable)
rElec    .         Harm     .   (cloak unavailable)
rCorr    .         Rampage  .   (gloves unavailable)
Will     .....                  (boots unavailable)
Stlth    ++........             (no amulet)
HPRegen  0.07/turn              (no ring)
MPRegen  0.11/turn              (no ring)

@: hasted, very quick
A: very small, claws 1, fangs 3, see invisible, speed 1, shaggy fur 1, stealthy
paws, no weapons or thrown items, no armour, multi-lived
a: no special abilities


You were on level 3 of the Dungeon.
You visited 1 branch of the dungeon, and saw 3 of its levels.

You collected 106 gold pieces.

Inventory:

Missiles
 c - 103 stones
Scrolls
 b - a scroll of teleportation {unknown}
 d - 2 scrolls of enchant armour {unknown}
 e - 6 scrolls of identify {unknown}
 i - 3 scrolls of fear {unknown}
 k - 2 scrolls of summoning {unknown}
 m - a scroll of amnesia {unknown}
Potions
 a - a potion of lignification
 f - a potion of degeneration {unknown}
 g - a potion of curing {unknown}
 h - a potion of brilliance {unknown}
 l - a potion of berserk rage


   Skills:
 - Level 3.0 Fighting
 + Level 3.6 Dodging
 - Level 1.3 Stealth
 + Level 2.6 Unarmed Combat
 - Level 2.0 Spellcasting
 + Level 3.4 Air Magic
 - Level 1.1 Evocations


You had 4 spell levels left.
You knew the following spells:

 Your Spells              Type           Power      Damage    Failure   Level
a - Shock                 Conj/Air       16%        1d4       16%         1
b - Static Discharge      Conj/Air       4%         N/A       24%         2

Your spell library contained the following spells:

 Spells                   Type           Power      Damage    Failure   Level
 Swiftness                Air            7%         N/A       22%         3
 Summon Small Mammal      Summ           4%         N/A       30%         1
 Airstrike                Air            3%         N/A       58%         4
 Call Canine Familiar     Summ           1%         N/A       67%         3
 Inner Flame              Hex/Fire       1%         N/A       67%         3
 Cause Fear               Hex            0%         N/A       97%         4
 Discord                  Hex            0%         N/A       100%        8


Dungeon Overview and Level Annotations

Branches:
Dungeon (3/15)

Altars:
Yredelemnul
The Shining One

Shops:
D:1 [

Annotations:
D:3 Grinder


Innate Abilities, Weirdness & Mutations

You have sharp claws.
You have razor-sharp teeth.
You have supernaturally acute eyesight. (SInv)
You cover ground quickly. (Speed+)
You are covered in fur. (AC +1)
Your paws help you pounce on unaware monsters.
You are incapable of wielding weapons or throwing items.
You cannot wear armour.
You gain extra lives every three experience levels.


Message History

* * * LOW HITPOINT WARNING * * *
Your magical contamination has completely faded away.
You are too injured to fight recklessly!
Casting: Shock (safe; 16% risk of failure)
Confirm with . or Enter, or press ? or * to list all spells.
Aiming: Shock (safe; 16% risk of failure)
Press: ? - help, Shift-Dir - straight line, f - orc priest
Aim: an orc priest, wielding a +0 flail (severely wounded, 64% to hit)
Okay, then.
You scratch the orc priest.
The orc priest is severely wounded.
The orc priest closely misses you.
You scratch the orc priest.
You kill the orc priest!
Welcome back to level 4!
Unknown command.
Magic restored.
HP restored.
Done exploring.
You climb downwards.
Level annotation: Grinder
There is a stone staircase leading up here.
There is an open door here.
You see here a +0 club.
m - a scroll labelled TOIROA UNNECK Grinder is nearby!
Grinder shouts!
You claw Grinder!
Grinder is lightly wounded.
Grinder hits you!
You writhe in agony.
You aren't carrying any items that you can evoke.
You feel yourself speed up. Grinder completely misses you.
You closely miss Grinder.
Grinder is lightly wounded.
You scratch Grinder but do no damage. Your bite misses Grinder.
Grinder is lightly wounded.
Grinder gestures at you. Pain shoots through your body!
Ouch! That really hurt!
You die...

# #####
############### ....#
#.............# ###.#
#.............# ..#.#
#.............#
..#.####......#......#
.....(.#....##.##....#
(.#.####....#...#....#
..#.##.'...#.)#.@#
###....#..).#.[.#5...#
###.##....##.##....#
#.##......#......#
#.##.............#
##.##.............#
#...#.............#
#..################
#..#


You could see Grinder.

Vanquished Creatures
  An orc priest (D:2)
  3 adders
  3 dart slugs
  2 orcs
  3 bats
  6 endoplasms
  7 giant cockroaches
  7 goblins
  5 hobgoblins
  6 kobolds
  4 quokkas
  4 ball pythons
  4 frilled lizards
  10 rats
65 creatures vanquished.

Notes
Turn   | Place    | Note
-------+----------+-------------------------------------------
     0 | D:1      | Descartes the Felid Wanderer began the quest for the Orb.
     0 | D:1      | Descartes set off with the following items: a potion of
                  | lignification; and the following spells available to
                  | memorise: Shock, Static Discharge, Summon Small Mammal,
                  | Swiftness, Call Canine Familiar, Airstrike
     0 | D:1      | Reached XP level 1. HP: 10/10 MP: 4/4
     2 | D:1      | Learned a level 1 spell: Shock
   255 | D:1      | Reached skill level 1 in Dodging
   483 | D:1      | Reached XP level 2. HP: 14/14 MP: 0/6
   555 | D:1      | Reached skill level 1 in Unarmed Combat
  1541 | D:1      | Found Jaugoug's Armour Boutique.
  1621 | D:1      | Reached XP level 3. HP: 17/17 MP: 0/7
  3507 | D:3      | Reached XP level 4. HP: 21/21 MP: 1/8
  3663 | D:3      | Noticed Grinder
  3801 | D:2      | HP: 1/21 [poisoned by an adder]
  3802 | D:2      | Succumbed to an adder's poison
  3803 | D:2      | Reached XP level 3. HP: -1/17 MP: 0/7
  4810 | D:3      | Found a basalt altar of Yredelemnul.
  4927 | D:3      | Learned a level 2 spell: Static Discharge
  5076 | D:3      | Found a glowing golden altar of the Shining One.
  5535 | D:2      | Reached XP level 4. HP: 4/21 MP: 6/8
  5809 | D:3      | Killed from afar by Grinder

Illustrated notes

Levels and vault maps discovered:
D:1:      wander_arrival_lonely_grave, layout_basic, serial_shops, shop,
          minmay_box_of_dots
D:2:      layout_basic, chequers_hall_statues_corner_a
D:3:      layout_loops_ring, grunt_temple_overflow_holy_war,
          kennysheep_generic_room_2, uniq_grinder

Skill      XL: |  1  2  3 |
---------------+----------+-----
Dodging        | 1 2 3 |  3.6
Unarmed Combat | 1 2 |  2.6
Air Magic      | 3 |  3.4
Fighting       | |  3.0
Stealth        | |  1.3
Spellcasting   | |  2.0
Evocations     | |  1.1

Action                   |  1- 3 |  4- 6 || total
-------------------------+-------+-------++-------
Melee: Unarmed           |    32 |     4 ||    36
       Bite              |     5 |       ||     5
 Cast: Shock             |   149 |    20 ||   169
  Use: Potion            |       |     1 ||     1
 Stab: Sleeping          |     1 |       ||     1
Armor: Skin              |     2 |     1 ||     3
Dodge: Dodged            |    35 |    14 ||    49
